 BcadrenCrawl: Boulder Brew version 0.06-688-g08e91b2d95 (webtiles) character file.

Game seed: 4181984287606321428

394 Leeroy the Quickloader (level 6, -1/64 HPs) Tengu Centaur. Began on Jan 22, 2023. Succumbed to a water moccasin's poison ... on level 1 of the Dungeon. The game lasted 00:05:19 (1995 turns).

Leeroy the Quickloader (Tengu Centaur)              Turns: 1995, Time: 00:05:19

Health: -1/64      AC:  7    Str: 17    XL:     6 ^: 169
Magic:  16/16      EV: 12    Int: 12    God:
Gold:   123        SH:  0    Dex: 11    Spells: 5/5 levels left

rFire    . . .     Slash    x   a - +0 hand crossbow
rCold    . . .     Pierce   .   b - +0 short sword
rNeg     . . .     Bludgeon .   c - +0 leather armour
rCorr    . . .     Vision   .   (helmet restricted)
rPois    .         Gourm    .   (no cloak)
rElec    .         Faith    .   i - +2 pair of gloves
MR       +....     Spirit   .   (no barding)
HPRegen  0.31/turn Reflect  .   (no amulet)
MPRegen  0.26/turn Harm     .   e - ring of magical power
Stlth    +.........             g - ring of protection from magic

@: lethally poisoned (-1 -> -11), flying quickly and evasively, very slightly
contaminated, very quick
A: large, beak, hippogriff form, talons, deformed body 1, speed 2, tengu flight,
soft flesh, AC +3
a: Stop Flying


You were on level 1 of the Dungeon.
You were not hungry.

You visited 1 branch of the dungeon, and saw 3 of its levels.

You collected 123 gold pieces.

Inventory:

Weapons
 a - a +0 hand crossbow (weapon)
 b - a +0 short sword (weapon)
 n - a +0 dagger
Armour
 c - a +0 leather armour (worn)
 i - a +2 pair of gloves (worn)
Jewellery
 e - a ring of magical power (left hand)
 g - a ring of protection from magic (right hand)
 j - a cursed ring of resist corrosion {(Curse: rF-)}
 k - an uncursed amulet of rage
Comestibles
 d - 4 rations
 f - 5 chunks of flesh


   Skills:
 - Level 2.0 Fighting
 + Level 10.5 Crossbows
 - Level 2.1 Dodging
 - Level 1.0 Stealth


You had 5 spell levels left.
You didn't know any spells.
Your spell library was empty.

Dungeon Overview and Level Annotations

Branches:
Dungeon (3/8)

Altars:

Annotations:
D:3 Prince Ribbit


Innate Abilities, Weirdness & Mutations

Your horsehide is resilient. (AC +3)
You have a beak for a mouth.
You have a hippogriff-like bottom half; talons in the front, hooves in the back.
Armour fits poorly on your strangely shaped body.
You cover ground very quickly.
You can fly continuously.
Your speed and evasion are boosted while flying.
Your soft flesh is weak to deep cuts.
Heavy manmade armour will nullify this weakness. (rSlashing-)


Message History

* * * LOW HITPOINT WARNING * * *
You feel sick. (1)
* * * LOW HITPOINT WARNING * * *
You feel sick. (1)
* * * LOW HITPOINT WARNING * * *
You feel sick. (1)
There is a stone staircase leading up here.
* * * LOW HITPOINT WARNING * * *
You feel sick. (2)
You fly upwards.
* * * LOW HITPOINT WARNING * * *
You feel sick. (2)
There is a stone staircase leading down here.
Unknown command.
Unknown command.
Unknown command.
Unknown command.
* * * LOW HITPOINT WARNING * * *
You feel sick. (1)
You die...

..# #.......# #....).# #..... ..#
##.....## #.#..#.# #..... ).#
###'### #....#.#######.÷..÷
#.######.###########)##..........
#)......................####.....
#.####.########.#####+#..........
..####.#####..#'#..#....####.....
..#..#.#.>##..≈≈≈..'....####.....
#.#..#'#.###..≈>@..#.............
#.#.......####≈≈≈###....####.....
#.#.......# ##### #....####.....
#.##################....#........
#.........................##.....
..................#..)...###.....
#####.≈##...........##.### ##....
.####.≈>.....########..# ##...
......#≈...÷####......###########


There were no monsters in sight!

Vanquished Creatures
  A water moccasin (D:2)
  2 jellies (D:2)
  4 giant cockroaches
  An adder (D:2)
  7 sewer rats (D:2)
  2 worms (D:2)
  5 cinder newts
  3 oozes
  A dart slug (D:1)
  An adder skeleton (D:2)
  7 goblins (D:1)
  8 hobgoblins (D:1)
  3 kobolds (D:1)
  A ball python (D:1)
  11 bats
  A bat skeleton (D:2)
  A goblin skeleton (D:2)
  5 rats (D:1)
  A rat skeleton (D:2)
  A withered plant (D:2)
66 creatures vanquished.

Vanquished Creatures (others)
  A rat (D:2)
  4 slimeheads (D:2)
  70 withered plants (D:2)
75 creatures vanquished.

Grand Total: 141 creatures vanquished

Notes
Turn   | Place    | Note
-------+----------+-------------------------------------------
     0 | D:1      | Leeroy the Tengu Centaur began the quest for the Orb.
     0 | D:1      | Reached XP level 1. HP: 24/24 MP: 2/2
    65 | D:1      | Reached skill level 5 in Crossbows
    77 | D:1      | Reached XP level 2. HP: 32/32 MP: 3/3
   163 | D:1      | Reached skill level 6 in Crossbows
   184 | D:1      | Reached XP level 3. HP: 40/40 MP: 4/4
   436 | D:1      | Reached skill level 7 in Crossbows
   449 | D:1      | Reached XP level 4. HP: 47/48 MP: 5/5
   905 | D:2      | Reached skill level 8 in Crossbows
   987 | D:2      | Gained mutation: You can fly continuously. Your speed and
                  | evasion are boosted while flying. [Tengu growth]
   987 | D:2      | Reached XP level 5. HP: 56/56 MP: 6/6
  1138 | D:2      | Reached skill level 9 in Crossbows
  1292 | D:2      | Noticed a water moccasin
  1359 | D:3      | Noticed Prince Ribbit
  1395 | D:2      | Killed a water moccasin
  1395 | D:2      | Reached XP level 6. HP: 11/64 MP: 7/7
  1650 | D:2      | Reached skill level 10 in Crossbows
  1962 | D:2      | Noticed a water moccasin
  1992 | D:2      | HP: 3/64 [poisoned by a water moccasin]
  1993 | D:1      | HP: 1/64 [poisoned by a water moccasin]
  1995 | D:1      | Succumbed to a water moccasin's poison

Illustrated notes

Levels and vault maps discovered:
D:1:      dpeg_arrival_renting, layout_rooms
D:2:      layout_sewer
D:3:      layout_layer_cave, basic_altar, first_ration, hangedman_decor_growths,
          uniq_prince_ribbit1, uniq_blork_the_orc, uniq_pikel, uniq_menkaure,
          uniq_eustachio

Skill      XL: |  1  2  3  4  5  6 |
---------------+-------------------+-----
Crossbows      | 5 6 7 8 9 10 | 10.5
Fighting       | |  2.0
Dodging        | |  2.1
Stealth        | |  1.0

Action                   |  1- 3 |  4- 6 || total
-------------------------+-------+-------++-------
Melee: Unarmed           |     2 |       ||     2
       Short sword       |    24 |    98 ||   122
       Tailslap          |     5 |    18 ||    23
       Kick              |     3 |    29 ||    32
 Fire: Hand crossbow     |    36 |    87 ||   123
 Abil: Fly               |       |     1 ||     1
  Use: Potion            |       |     2 ||     2
       Scroll            |       |     1 ||     1
  Eat: Chunk             |       |     3 ||     3
Armor: Leather armour    |    17 |    56 ||    73
Dodge: Dodged            |    10 |    39 ||    49
